 Dungeon Crawl Stone Soup version 0.18.1-47-g9310371 (webtiles) character file.

45 Renko1984 the Covered (level 3, -3/23 HPs)
             Began as a Tengu Fighter on June 14, 2016.
             Slain by tschems's ghost (6 damage)
             ... on level 3 of the Dungeon.
             The game lasted 00:10:09 (1081 turns).

Renko1984 the Covered (Tengu Fighter)               Turns: 1081, Time: 00:10:10

Health: -3/23      AC:  7    Str: 16    XL:     3   Next: 64%
Magic:  4/4        EV:  7    Int:  9    God:
Gold:   24         SH:  9    Dex: 13    Spells: 0 memorised, 2 levels left

rFire  . . .     SeeInvis .     n - -2 falchion (curse) {scroll}
rCold  . . .     Gourm    .     o - +0 scale mail
rNeg   . . .     Faith    .     c - +0 shield
rPois  .         Spirit   .     (helmet restricted)
rElec  .         Dismiss  .     (no cloak)
rCorr  .         Reflect  .     (no gloves)
SustAt .         Harm     .     (boots unavailable)
MR     .....                    (no amulet)
Stlth  ..........               (no ring)
                                (no ring)

@: not resistant to hostile enchantments, extremely unstealthy
A: beak, talons 3
a: no special abilities


You were on level 3 of the Dungeon.
You were hungry.

You visited 1 branch of the dungeon, and saw 3 of its levels.

You collected 24 gold pieces.

Inventory:

Hand Weapons
 a - a +0 long sword
 g - a +0 dagger
 n - a cursed -2 falchion (weapon) {scroll}
Armour
 b - a +0 scale mail
 c - a +0 shield (worn)
 o - a +0 scale mail (worn)
Jewellery
 i - an uncursed ring of positive energy {unknown}
Scrolls
 h - a scroll of amnesia {unknown}
 q - a scroll of blinking {unknown}
 r - a scroll of enchant armour {unknown}
Potions
 d - a potion of might
 e - 2 potions of degeneration {unknown}
 j - a potion of brilliance {unknown}
 k - a potion of magic {unknown}
 l - a potion of flight {unknown}
 m - 2 potions of curing {unknown}
Comestibles
 f - 2 bread rations
 p - 3 fruits


   Skills:
 + Level 3.5 Fighting
 + Level 2.5 Long Blades
 + Level 3.7 Armour
 + Level 0.7 Dodging
 + Level 3.3 Shields


You had 2 spell levels left.
You didn't know any spells.

Dungeon Overview and Level Annotations

Branches:
Dungeon (3/15)

Altars:

Annotations:
D:3 tschems's ghost, amateur HuWz


Innate Abilities, Weirdness & Mutations

You have a beak for a mouth.
You have claws for feet.


Message History

Tschems's ghost hits you.
* * * LOW HITPOINT WARNING * * *
You barely miss tschems's ghost. You peck tschems's ghost.
Tschems's ghost is heavily damaged.
Tschems's ghost hits you.
* * * LOW HITPOINT WARNING * * *
You barely miss tschems's ghost.
You claw tschems's ghost, but do no damage.
Tschems's ghost is heavily damaged.
Tschems's ghost says, "The earth shall destroy you!"
Tschems's ghost hits you but does no damage.
You hit tschems's ghost but do no damage.
You claw tschems's ghost, but do no damage.
Tschems's ghost is heavily damaged.
Tschems's ghost hits you.
* * * LOW HITPOINT WARNING * * *
You hit tschems's ghost but do no damage.
Tschems's ghost is heavily damaged.
You block tschems's ghost's attack. Tschems's ghost hits you.
You die...

....# .. ##. ....[
....... #...####....?#
#.#..##.....#
#.#.....##..##
.#####.#.....#....### ##
.........###...# ..####.
........†W@..#.####...#..
.........###........#.#.#
# .........#
#........#.#.#..
.........#
#........#.#)#.#
.........#
######.........#
........## #..)....###
......%.# #.....#.##
(.......# #.........##
.......###....


You could see tschems's ghost.

Vanquished Creatures
  Terence (D:2)
  An ooze (D:2)
  A giant gecko (D:3)
  A bat (D:2)
  A giant cockroach (D:2)
  2 goblins (D:1)
  A hobgoblin (D:2)
  2 jackals (D:1)
  A giant newt (D:1)
  2 rats (D:1)
13 creatures vanquished.

Notes
Turn   | Place    | Note
--------------------------------------------------------------
     0 | D:1      | Renko1984 the Tengu Fighter began the quest for the Orb.
     0 | D:1      | Reached XP level 1. HP: 14/14 MP: 2/2
   215 | D:1      | Reached XP level 2. HP: 19/19 MP: 3/3
   319 | D:2      | Noticed Terence
   338 | D:2      | Killed Terence
   338 | D:2      | Reached XP level 3. HP: 14/23 MP: 4/4
  1050 | D:3      | Noticed tschems's ghost (amateur HuWz)
  1081 | D:3      | Slain by tschems's ghost

Action                   || total
-------------------------++-------
Melee: Long sword        ||    33
       Kick              ||    14
       Peck              ||    11
       Falchion          ||    42
Armor: Scale mail        ||    26
Dodge: Dodged            ||    19
Block: Shield            ||    48
